Unix NetHack Version 3.7.0-71 Work-in-progress - last build Jan 31 2023 02:41:03 (7ba98a1283f2b7cec35fde026edb48fc825ab8ae,branch:master). Game began 2023-02-08 12:23:56, ended 2023-02-08 12:45:00. galadriel, neutral female human Priestess ------- |.....| |.....| |*@h.0.#### ---------- ---|--- ######### |........| #####|........| #*## #|........| # #|........| # #|.........# ---------.- ####|........|# |.........| ## #----------# |..........##############0########### |.........|### ##### # ######### |..........# ## # # ---.-.--- - ----------- .....F....| |<.(....... ..........| ----------- Galadriel the Aspirant St:12 Dx:11 Co:13 In:12 Wi:18 Ch:8 Neutral S:264 Dlvl:4 $:38 HP:0(14) Pw:5(5) AC:6 Xp:1/19 T:1815 Latest messages: You kill the lichen! You swap places with your kitten. You descend the stairs. You see here a food ration. e - a food ration. You see here a large box. In what direction? . There is a large box here. Check it for traps? [ynq] (q) y You find no traps on the large box. There is a large box here. Check it for traps? y You find no traps on the large box. There is a large box here. Check it for traps? y You find no traps on the large box. There is a large box here. Check it for traps? y You find no traps on the large box. There is a large box here. Check it for traps? y You find no traps on the large box. There is a large box here. Check it for traps? y You find no traps on the large box. There is a large box here. Check it for traps? y You find no traps on the large box. There is a large box here. Check it for traps? y You find no traps on the large box. There is a large box here. Check it for traps? y You find no traps on the large box. There is a large box here. Check it for traps? y You find no traps on the large box. You swap places with your kitten. The kitten misses it. The kitten misses the gecko. You hear some noises. You hear some noises in the distance. With great effort you move the boulder. You hear a door open. You hear some noises in the distance. You are hit by a gray stone! (For instructions type a '?') Call a gray stone: flint? f - a stone called flint?. You are hit by a stone called flint?. With great effort you move the boulder. What do you want to rub? [f or ?*] f What do you want to rub on the stone? [$a-jm or ?*] a You make scratch marks on the stone. The hobbit shoots a stone called flint?! You are hit by a stone called flint?! The hobbit swings her sling. The hobbit hits! You die... Do you want your possessions identified? [ynq] (y) q Inventory: Coins $ - 38 gold pieces Weapons a - a blessed +1 mace (weapon in hand) Armor j - a +0 orcish helm (being worn) c - a +0 small shield (being worn) b - a +0 robe (being worn) Comestibles e - a food ration Scrolls i - a cursed scroll of teleportation Spellbooks g - a spellbook of light h - a spellbook of remove curse Potions d - 4 potions of holy water Wands m - a cursed wand of speed monster (0:5) Gems/Stones f - a flint stone Galadriel the Priestess's attributes: Background: You were an Aspirant, a level 1 human Priestess. You were neutral, on a mission for Ishtar who was opposed by Anu (lawful) and Anshar (chaotic). You were in the Dungeons of Doom, on level 4. You entered the dungeon 1815 turns ago. You had 19 experience points, 1 more was needed to attain level 2. Your score was 264 before end-of-game adjustments. Basics: You had 0 out of 14 hit points. You had all 5 energy points (spell power). Your armor class was 6. Your wallet contained 38 zorkmids. Autopickup was off. Final Characteristics: Your strength was 12 (limit:18/100). Your dexterity was 11 (limit:18). Your constitution was 13 (limit:18). Your intelligence was 12 (limit:18). Your wisdom was 18 (limit:18). Your charisma was 8 (limit:18). Final Status: You were not hungry. You were unencumbered. You were wielding a mace. You had basic skill with mace. Final Attributes: You were stridently aligned. You were guarded. You were fast. You are dead. Miscellaneous: You never encountered a bones level. Total elapsed playing time was 20 minutes and 42 seconds. Major events: Turn 1: galadriel the neutral human Priestess entered the dungeon 1425: entered the Gnomish Mines 1815: killed by a hobbit Vanquished creatures: an acid blob 2 hobbits 3 geckos 8 jackals a kobold 2 goblins 4 sewer rats 5 grid bugs 3 lichens 2 newts 31 creatures vanquished. No species were genocided or became extinct. Voluntary challenges: You read items or engraved 2 times. You never engraved Elbereth. You never genocided any monsters. You never polymorphed an object. You never changed form. You used no wishes. Achievements: You entered a shop. You entered the Gnomish Mines. The Dungeons of Doom: levels 1 to 4 Level 1: A fountain. Level 2: "shop E" Level 3: A health food store, a fountain. Stairs down to The Gnomish Mines. Level 4: <- You were here. Final resting place for you, killed by a hobbit. The Gnomish Mines: Level 4: Game over: ---------- / \ / REST \ / IN \ / PEACE \ / \ | galadriel | | 38 Au | | killed by a | | hobbit | | | | | | 2023 | *| * * * | * _________)/\\_//(\/(/\)/\//\/|_)_______ Goodbye galadriel the Priestess... You died in The Dungeons of Doom on dungeon level 4 with 261 points, and 38 pieces of gold, after 1815 moves. You were level 1 with a maximum of 14 hit points when you died.